AoeStats
← Tavik

Hideout

503483187Analyzed
2v2 RM · 1mo ago on Aug 31, 2026· 57m 45s· 4 players
Game mode
Random Map
Map size
Medium (4 player)
Population
200
Speed
Normal
Resources
Standard
Victory
Conquest
Starting age
Dark Age
Ending age
Imperial Age
RankedLock teamsTeams togetherTeam positionsShared explorationLock speedFull tech treeHidden civsTurbo modeCheats
Victory
Defeat
🇪🇸 Bulgarians · Spain
1329
+17
🇵🇾 Tatars · Paraguay
1316
+18
🇨🇿 Chinese · Czechia
1379
-19
🇨🇿 Aztecs · Czechia
1326
-16
Alfonso
7:00 Loom
9:14 Feudal Age
9:46 Double-Bit Axe
10:25 Horse Collar
14:02 Fletching
16:27 Wheelbarrow
19:43 Castle Age
18:09 Gold Mining
20:45 Bow Saw
20:36 Heavy Plow
25:25 Stone Mining
30:41 Imperial Age
29:35 Scale Barding Armor
29:41 Forging
31:19 Hand Cart
31:28 Chain Barding Armor
32:58 Plate Barding Armor
34:42 Iron Casting
35:53 Town Watch
39:06 Conscription
39:05 Elite Konnik
41:00 Gold Shaft Mining
41:38 Blast Furnace
42:22 Stirrups
42:50 Scale Mail Armor
42:48 Bodkin Arrow
44:43 Coinage
45:36 Chain Mail Armor
45:22 Bracer
47:35 Husbandry
47:46 Bloodlines
47:44 Light Cavalry
50:08 Chemistry
49:29 Ballistics
49:30 Hussar
52:34 Cavalier
53:27 Town Patrol
1811.RJ
10:14 Feudal Age
11:00 Double-Bit Axe
12:02 Loom
17:39 Castle Age
17:52 Fletching
19:07 Bow Saw
30:48 Horse Collar
32:00 Heavy Plow
32:12 Scale Barding Armor
32:18 Forging
33:15 Bloodlines
34:07 Husbandry
34:45 Chain Barding Armor
38:32 Imperial Age
39:54 Iron Casting
40:04 Plate Barding Armor
39:29 Cavalier
40:58 Light Cavalry
Melioth
10:58 Feudal Age
15:26 Castle Age
14:25 Double-Bit Axe
15:45 Loom
21:27 Horse Collar
25:40 Stone Mining
25:49 Gold Mining
28:55 Heavy Plow
29:23 Gambesons
30:36 Squires
30:23 Arson
31:01 Forging
30:51 Scale Mail Armor
30:19 Eagle Warrior
32:37 Iron Casting
32:50 Chain Mail Armor
33:58 Wheelbarrow
35:58 Gold Shaft Mining
35:36 Bow Saw
34:59 Pikeman
38:33 Imperial Age
36:20 Hand Cart
40:18 Blast Furnace
39:49 Plate Mail Armor
39:10 Elite Eagle Warrior
46:37 Crop Rotation
Tavik
0:29 Loom
9:42 Feudal Age
9:46 Man-at-Arms
11:43 Arson
11:48 Horse Collar
14:28 Double-Bit Axe
22:05 Castle Age
20:21 Fletching
23:07 Thumb Ring
23:00 Bodkin Arrow
24:50 Wheelbarrow
24:29 Bow Saw
24:22 Heavy Plow
32:10 Imperial Age
33:08 Bracer
34:34 Chemistry
33:55 Ballistics
34:01 Padded Archer Armor
33:55 Heavy Rocket Cart
35:54 Hand Cart
35:58 Leather Archer Armor
37:41 Town Watch
38:30 Ring Archer Armor
39:29 Murder Holes
40:22 Great Wall
43:40 Rocketry
46:41 Town Patrol
48:53 Masonry
Connection lost

Rejoining the realm…

Still unreachable

The connection could not be restored.

Session expired

The server has moved on; the page needs a fresh start.